 Dungeon Crawl Stone Soup version 0.20-a0-939-g04f5055 (webtiles) character file.

314 Lifeless the Slasher (level 6, 0/51 HPs)
             Began as a Minotaur Gladiator on Mar 30, 2017.
             Slain by an orc (1 damage)
             ... on level 3 of the Dungeon.
             The game lasted 00:15:53 (2696 turns).

Lifeless the Slasher (Minotaur Gladiator)           Turns: 2696, Time: 00:15:54

Health: 0/51       AC:  0    Str: 19    XL:     6   Next: 19%
Magic:  5/5        EV: 14    Int:  5    God:
Gold:   123        SH:  0    Dex: 13    Spells: 5/5 levels left

rFire    . . .     SeeInvis .   (no weapon)
rCold    . . .     Gourm    .   (no shield)
rNeg     . . .     Faith    .   (no armour)
rPois    .         Spirit   .   c - +0 hat
rElec    .         Reflect  .   (no cloak)
rCorr    .         Harm     .   (no gloves)
MR       .....                  (no boots)
Stlth    ++........             (no amulet)
Regen    0.2/turn               (no ring)
MPRegen  0.1/turn               (no ring)

@: no status effects
A: retaliatory headbutt, horns 2
a: no special abilities


You were on level 3 of the Dungeon.
You were not hungry.

You visited 1 branch of the dungeon, and saw 3 of its levels.

You collected 123 gold pieces.

Inventory:

Missiles
 q - a throwing net (quivered)
Armour
 c - a +0 hat (worn)
 j - a +2 robe of fire resistance
 p - a +0 chain mail
Scrolls
 b - a scroll of identify
 e - 2 scrolls of amnesia {unknown}
 g - 3 scrolls of teleportation {unknown}
 i - a scroll of remove curse {unknown}
 n - 2 scrolls of noise
 o - 3 scrolls of blinking {unknown}
 t - a scroll of magic mapping {unknown}
Potions
 d - 2 potions of heal wounds {unknown}
 h - a potion of haste
 l - a potion of flight {unknown}
 r - 2 potions of curing {unknown}
 s - a potion of agility {unknown}
Comestibles
 f - 5 bread rations
 k - 2 royal jellies
 m - 3 meat rations


   Skills:
 + Level 3.3 Fighting
   Level 6.2 Long Blades
 + Level 2.4 Throwing
 + Level 1.7 Armour
 + Level 4.6 Dodging
 + Level 1.1 Stealth


You had 5 spell levels left.
You didn't know any spells.

Dungeon Overview and Level Annotations

Branches:
Dungeon (3/15)

Altars:


Innate Abilities, Weirdness & Mutations

You reflexively headbutt those who attack you in melee.
You have a pair of horns on your head.


Message History

The orc closely misses you. x2; You furiously retaliate!
You headbutt the orc, but do no damage. The orc closely misses you.
The orc misses you. You furiously retaliate!
You headbutt the orc.
You kill the orc!
The orc hits you with a hand axe of chopping.
The orc misses you. The orc completely misses you. The orc closely misses you.
The orc barely misses you.
The orc hits you with a hand axe of chopping.
The orc hits you. The orc barely misses you. You furiously retaliate!
You headbutt the orc, but do no damage. The orc closely misses you.
The orc hits you with a hand axe of chopping.
* * * LOW HITPOINT WARNING * * *
The orc hits you.
* * * LOW HITPOINT WARNING * * *
The orc hits you with a hand axe of chopping!
* * * LOW HITPOINT WARNING * * *
x2 The orc hits you.
You die...

.####...#............)###########
.# #..##.........###.# >#
##.#.>#......## #.# .#
#.#.#......## #.## .#
#.#.#......# #..##### .#
#..........# ###.....# .#
##.......#.#####...###...# .#
#...........oo#.....### .#
[####..#.#.##...@[........#
.##....#.#.#######........##..
....##.....# ###..........#
........#.#### #........###..#
....##.#.........##.....## #.#
..####.....#######.......# ..
.##......### #.....<.# ....##..##
#.......# ######..# ##.....##


You could see 2 orcs.

Vanquished Creatures
  Terence (D:1)
  Jessica (D:2)
  Natasha (thrice) (D:3)
  Robin (D:2)
  A gnoll (D:1)
  7 adders
  3 worms
  A dart slug (D:1)
  2 leopard geckos
  2 orcs (D:3)
  2 ball pythons (D:2)
  10 bats
  A giant cockroach (D:2)
  18 goblins
  11 hobgoblins
  8 jackals (D:2)
  10 kobolds
  2 quokkas (D:2)
  A frilled lizard (D:3)
  7 rats
92 creatures vanquished.

Notes
Turn   | Place    | Note
-------+----------+-------------------------------------------
     0 | D:1      | Lifeless the Minotaur Gladiator began the quest for the Orb.
     0 | D:1      | Reached XP level 1. HP: 18/18 MP: 0/0
    21 | D:1      | Reached skill level 4 in Long Blades
    21 | D:1      | Reached XP level 2. HP: 25/25 MP: 1/1
   544 | D:2      | Noticed Terence
   548 | D:1      | Reached XP level 3. HP: 28/30 MP: 2/2
   878 | D:1      | Killed Terence
   878 | D:1      | Reached XP level 4. HP: 12/37 MP: 3/3
  1100 | D:2      | Noticed Jessica
  1123 | D:2      | Noticed Robin
  1183 | D:2      | Killed Jessica
  1188 | D:2      | Reached skill level 5 in Long Blades
  1296 | D:2      | Reached XP level 5. HP: 44/44 MP: 4/4
  1461 | D:2      | Killed Robin
  1901 | D:3      | Reached skill level 1 in Stealth
  1976 | D:3      | Noticed Natasha
  1983 | D:3      | Killed Natasha
  1983 | D:3      | Reached skill level 1 in Armour
  2134 | D:3      | Noticed Natasha
  2144 | D:3      | Killed Natasha
  2147 | D:3      | Noticed Natasha
  2157 | D:3      | Killed Natasha
  2157 | D:3      | Reached skill level 6 in Long Blades
  2157 | D:3      | Reached XP level 6. HP: 5/51 MP: 5/5
  2167 | D:3      | HP: 3/76 [poisoned by an adder]
  2175 | D:3      | HP: 3/76 [poisoned by an adder]
  2696 | D:3      | HP: 2/51 [orc/hand axe of chopping (8)]
  2696 | D:3      | Slain by an orc

Vault maps used:
D:1:      roderic_octagonal_star
D:2:      first_bread, uniq_jessica, uniq_terence, uniq_robin
D:3:      uniq_natasha

Skill      XL: |  1  2  3  4  5 |
---------------+----------------+-----
Long Blades    | 4 5 6 |  6.2
Dodging        | 4 |  4.6
Fighting       | 3 |  3.3
Stealth        | 1 |  1.1
Armour         | 1 |  1.7
Throwing       | |  2.4

Action                   |  1- 3 |  4- 6 || total
-------------------------+-------+-------++-------
Melee: Long sword        |    45 |   161 ||   206
       Headbutt          |     8 |    20 ||    28
Throw: Throwing net      |     6 |     5 ||    11
  Use: Scroll            |     2 |       ||     2
       Potion            |       |     2 ||     2
 Stab: Held in net/web   |     2 |     3 ||     5
  Eat: Chunk             |       |     4 ||     4
       Royal jelly       |       |     1 ||     1
Armor: Scale mail        |     1 |       ||     1
       Robe              |     2 |     3 ||     5
       Chain mail        |       |   114 ||   114
Dodge: Dodged            |    32 |   100 ||   132
       Rpst.: Long sword |     9 |    18 ||    27
